 Dungeon Crawl Stone Soup version 0.24-a0-160-gfa3a8d6 (console) character file.

Game seed: 5112409872461773508

76 Duffy the Chopper (level 4, 0/39 HPs)
             Began as a Naga Gladiator on Mar 5, 2019.
             Slain by an adder (5 damage)
             ... on level 2 of the Dungeon.
             The game lasted 00:01:20 (1657 turns).

Duffy the Chopper (Naga Gladiator)                  Turns: 1657, Time: 00:01:20

Health: 0/39       AC:  3    Str: 16    XL:     4   Next: 32%
Magic:  4/4        EV: 10    Int:  9    God:
Gold:   59         SH:  0    Dex: 13    Spells: 3/3 levels left

rFire    . . .     SeeInvis +   a - +0 war axe
rCold    . . .     Gourm    .   (no shield)
rNeg     . . .     Faith    .   b - +0 leather armour
rPois    +         Spirit   .   c - +0 helmet
rElec    .         Reflect  .   (no cloak)
rCorr    .         Harm     .   (no gloves)
MR       .....                  (no barding)
Stlth    +.........             (no amulet)
HPRegen  0.13/turn              (no ring)
MPRegen  0.09/turn              (no ring)

@: lethally poisoned (0 -> -5), short of breath, very slow
A: large, see invisible, deformed body, poison resistance, slowness 2, slow
metabolism 1, spit poison 1, AC +1
a: Spit Poison


You were on level 2 of the Dungeon.
You were hungry.

You visited 1 branch of the dungeon, and saw 2 of its levels.

You collected 59 gold pieces.

Inventory:

Hand Weapons
 a - a +0 war axe (weapon)
Missiles
 d - 3 throwing nets (quivered)
Armour
 b - a +0 leather armour (worn)
 c - a +0 helmet (worn)
Scrolls
 e - 5 scrolls of remove curse {unknown}
Potions
 g - 2 potions of agility {unknown}
 h - a potion of invisibility {unknown}
Comestibles
 f - 2 rations
 i - 3 chunks of flesh


   Skills:
 - Level 2.0 Fighting
 + Level 5.0 Axes
 - Level 1.7 Throwing
 - Level 2.4 Dodging


You had 3 spell levels left.
You didn't know any spells.
Your spell library was empty.

Dungeon Overview and Level Annotations

Branches:
Dungeon (2/15)

Altars:


Innate Abilities, Weirdness & Mutations

You cannot wear boots.
Your serpentine skin is tough. (AC +1)
You have supernaturally acute eyesight. (SInv)
Armour fits poorly on your strangely shaped body.
Your system is resistant to poisons. (rPois)
You cover ground very slowly.
You have a slow metabolism.
You can spit poison.


Message History

You are too injured to fight recklessly!
You are too injured to fight recklessly!
You are too injured to fight recklessly!
You are too injured to fight recklessly!
You are too injured to fight recklessly!
You are too injured to fight recklessly!
The gnoll barely misses you. The adder bites you.
You are more poisoned.
The adder poisons you! The gnoll hits you with a +0 spear.
You slash the gnoll!
You kill the gnoll!
Your Axes skill increases to level 5!
You closely miss the adder.
You feel sick. The adder closely misses you.
Press: ? - help, Shift-Dir - straight line, f - adder
Aim: an adder (severely wounded)
The splash of poison hits the adder.
The adder is almost dead.
You are feeling hungry.
You feel sick. The adder bites you.
You die...

#....... .. # .......
... ##. .....# ..#
#..# ###....###..#.
#..r### #.............
#
#gS.####..........#..
..#
###@).##.............
#..#
###.##.........###
#..#.#'##...%<).......
#..#.#....##.......#
#.#..g.............#
###..###...#.......#
#### ...........##
............#
#............#


You could see an adder, a quokka and a hobgoblin.

Vanquished Creatures
  3 gnolls
  A worm (D:1)
  2 dart slugs
  2 giant cockroaches (D:1)
  2 hobgoblins (D:1)
  2 quokkas
  5 bats
  5 frilled lizards (D:1)
  7 goblins
  5 kobolds
  7 rats (D:1)
41 creatures vanquished.

Notes
Turn   | Place    | Note
-------+----------+-------------------------------------------
     0 | D:1      | Duffy the Naga Gladiator began the quest for the Orb.
     0 | D:1      | Reached XP level 1. HP: 19/19 MP: 1/1
   332 | D:1      | Reached XP level 2. HP: 16/26 MP: 2/2
   818 | D:1      | Reached skill level 4 in Axes
  1053 | D:1      | Reached XP level 3. HP: 30/32 MP: 3/3
  1491 | D:1      | Reached XP level 4. HP: 24/39 MP: 4/4
  1656 | D:2      | Reached skill level 5 in Axes
  1657 | D:2      | Slain by an adder

Levels and vault maps discovered:
D:1:      saegor_arrival_simple_c, layout_loops_ring
D:2:      minmay_razor_zed, layout_basic, first_ration, uniq_natasha

Skill      XL: |  1  2  3  4 |
---------------+-------------+-----
Axes           | 4 5 |  5.0
Fighting       | |  2.0
Throwing       | |  1.7
Dodging        | |  2.4

Action                   |  1- 3 |  4- 6 || total
-------------------------+-------+-------++-------
Melee: War axe           |   109 |    11 ||   120
 Abil: Spit Poison       |     1 |     2 ||     3
  Eat: Chunk             |     1 |       ||     1
Armor: Leather armour    |    59 |     4 ||    63
Dodge: Dodged            |    98 |    18 ||   116

Table legend:
 A = Non-vault XP
 B = Vault XP
 C = Vault XP percentage of total XP
 D = Non-vault monster count
 E = Vault monster count
 F = Vault count percentage of total count
                 A         B        C        D         E       F
            +---------+---------+-------+---------+---------+-------
      Total |     107 |       2 |   1.8 |      40 |       1 |   2.4
            +---------+---------+-------+---------+---------+-------
        D:1 |      82 |       0 |   0.0 |      35 |       0 |   0.0
        D:2 |      25 |       2 |   7.4 |       5 |       1 |  16.7
            +---------+---------+-------+---------+---------+-------
